 Dungeon Crawl Stone Soup version 0.20.1-1-g8b1a95d (webtiles) character file.

15596 vineage the Carver (level 12, -1/107 HPs)
             Began as a Minotaur Fighter on Aug 28, 2017.
             Was a High Priest of Okawaru.
             Slain by a hellwing (6 damage)
             ... on level 2 of the Abyss.
             The game lasted 00:19:46 (9275 turns).

vineage the Carver (Minotaur Fighter)               Turns: 9275, Time: 00:19:47

Health: -1/107     AC: 10    Str: 26    XL:     12   Next: 2%
Magic:  11/11      EV: 17    Int:  5    God:    Okawaru [*****.]
Gold:   445        SH: 15    Dex: 10    Spells: 11/11 levels left

rFire    + . .     SeeInvis .   C - +9 sword of Zonguldrok {reap}
rCold    + . .     Gourm    .   c - +3 shield
rNeg     . . .     Faith    .   b - +0 scale mail
rPois    +         Spirit   .   w - +1 hat
rElec    +         Reflect  .   K - +0 cloak
rCorr    +         Harm     .   (no gloves)
MR       .....                  (no boots)
Stlth    +.........             (no amulet)
Regen    0.3/turn               D - +6 ring of evasion
MPRegen  0.2/turn               P - ring of stealth

@: about to teleport, resistant
A: retaliatory headbutt, horns 2
a: Heroism, Finesse, Renounce Religion


You were on level 2 of the Abyss.
You worshipped Okawaru.
Okawaru was extremely pleased with you.
You were not hungry.

You visited 2 branches of the dungeon, and saw 11 of its levels.
You visited the Abyss 1 time.

You collected 541 gold pieces.
You spent 96 gold pieces at shops.

Inventory:

Hand Weapons
 a - a +0 war axe
 d - a +2 scythe of distortion
 C - the +9 sword of Zonguldrok (weapon) {reap}
   (You found it on level 6 of the Dungeon)

   If a monster killed with it leaves a corpse in good enough shape, the corpse
   will be animated as a zombie friendly to the killer.
Missiles
 F - 3 tomahawks of dispersal (quivered)
Armour
 b - a +0 scale mail (worn)
 c - a +3 shield (worn)
 w - a +1 hat (worn)
 K - a +0 cloak (worn)
Jewellery
 j - an uncursed ring of stealth
 D - a +6 ring of evasion (left hand)
 E - an uncursed ring of resist corrosion
 P - a ring of stealth (right hand)
Wands
 m - a wand of disintegration (13/24)
 s - a wand of iceblast (6/15)
 v - a wand of random effects (19/48)
 x - a wand of iceblast (10/15)
 y - a wand of iceblast (4/15)
 M - a wand of iceblast (5/15)
Scrolls
 g - 7 scrolls of teleportation
 n - 4 scrolls of identify
 p - a scroll of amnesia
 t - 2 scrolls of fear
 A - 2 scrolls of remove curse
 J - a scroll of blinking
 L - a scroll of magic mapping
Potions
 e - a potion of agility
 i - 2 potions of lignification
 k - 4 potions of brilliance
 r - 2 potions of mutation
 z - a potion of ambrosia
Books
 q - a book of Changes

   Spells                             Type                      Level
   a - Beastly Appendage              Transmutation                1
   b - Sticks to Snakes               Transmutation                2
   c - Spider Form                    Transmutation/Poison         3
   d - Ice Form                       Ice/Transmutation            4
   e - Blade Hands                    Transmutation                5
 O - a book of Conjurations

   Spells                             Type                      Level
   a - Magic Dart                     Conjuration                  1
   b - Searing Ray                    Conjuration                  2
   c - Dazzling Spray                 Conjuration/Hexes            3
   d - Fulminant Prism                Conjuration/Hexes            4
   e - Force Lance                    Conjuration/Translocation    4
   f - Iskenderun's Mystic Blast      Conjuration                  4
Comestibles
 f - 6 bread rations
 o - 7 meat rations
 u - 4 fruits
 I - 4 royal jellies


   Skills:
 + Level 10.5 Fighting
 + Level 13.4 Long Blades
 + Level 8.9 Axes
 + Level 9.3 Armour
 + Level 5.4 Dodging
 + Level 1.1 Stealth
 + Level 9.5 Shields
 + Level 1.0 Invocations


You had 11 spell levels left.
You didn't know any spells.

Dungeon Overview and Level Annotations

Branches:
Dungeon (10/15)            Temple (1/1) D:6             Orc (0/2) D:9
   Lair: D:8-11

Altars:
Ashenzari
Cheibriados
Dithmenos
Elyvilon
Gozag
Hepliaklqana
Kikubaaqudgha
Makhleb
Nemelex Xobeh
Okawaru
Qazlal
Ru
Sif Muna
Trog
Uskayaw
Vehumet
Xom
Yredelemnul
Zin
The Shining One
Lugonu

Shops:
D:5 ?

Annotations:
D:10 Erolcha


Innate Abilities, Weirdness & Mutations

You reflexively headbutt those who attack you in melee.
You have a pair of horns on your head.


Message History

You block the hellwing's attack. x2
A small abomination comes into view.
The small abomination barely misses you.
You riposte.
You closely miss the small abomination. You headbutt the small abomination!
The small abomination is heavily damaged.
The hellwing hits you but does no damage. x2
The small abomination barely misses you.
You riposte.
You slash the small abomination!
The small abomination is almost destroyed.
The hellwing misses you. The hellwing barely misses you.
The small abomination hits you.
* * * LOW HITPOINT WARNING * * *
The hellwing closely misses you. You furiously retaliate!
You headbutt the hellwing! The hellwing misses you.
You block the small abomination's attack.
You hit the hellwing but do no damage. Your headbutt misses the hellwing.
The hellwing is moderately wounded.
The hellwing hits you.
You die...

..#. ..... #
.§.#. .# ... #
..#.#### § #
##..#.#§ .x
.....#.##.# ...
#@§# #
#....#4.§# ##
..#...#x##.§.#.
#...###§...## .
#
#.§#.#.§.....#
# ## ##.#§..# .
#..§§#..### # .
. ..# . # ... #
. #..


You could see an ancient zyme (wandering), a hellwing and a small abomination.

Vanquished Creatures
  A tentacled starspawn (Abyss:2)
  2 rakshasas (Abyss:2)
  3 two-headed ogres
  2 hell hogs (Abyss:2)
  2 thrashing horrors (Abyss:2)
  Pikel (D:8)
  Maurice (D:8)
  3 smoke demons (Abyss:2)
  An orange demon (Abyss:2)
  2 hellwings (Abyss:2)
  3 raiju (Abyss:2)
  A hippogriff (D:9)
  Sigmund (D:3)
  4 yaks (D:9)
  A human (D:7)
  3 hogs (D:7)
  A neqoxec (Abyss:2)
  4 large abominations (Abyss:2)
  Duvessa (D:7)
  A water moccasin (D:7)
  An orc warrior (D:7)
  A sky beast (D:6)
  An ice beast (D:9)
  3 slaves (D:8)
  2 eyes of draining
  The ghost of p0werm0de the Skirmisher, an amateur DsBe of Trog (D:3)
  A necrophage (D:7)
  2 ogres
  2 big kobolds
  A bullfrog (D:7)
  Dowan (D:7)
  2 scorpions
  4 wights
  2 crimson imps
  A bullfrog zombie (D:8)
  A quasit (D:5)
  A hound (D:4)
  4 human zombies (D:7)
  7 orc priests
  2 bullfrog skeletons (D:5)
  Crazy Yiuf (D:7)
  Jessica (D:3)
  12 orc wizards
  Ijyb (D:4)
  9 worker ants
  4 mummies (D:7)
  7 gnolls
  A worker ant zombie (D:9)
  9 adders
  A howler monkey skeleton (D:4)
  An ufetubus (Abyss:2)
  3 oozes
  2 worms (D:2)
  5 dart slugs
  7 leopard geckos
  31 orcs
  A ball python (D:3)
  5 giant cockroaches
  8 goblins
  7 hobgoblins
  7 jackals
  29 kobolds
  5 quokkas
  A ball python skeleton (D:5)
  5 bats
  6 frilled lizards
  An orc zombie (D:7)
  A quokka skeleton (D:6)
  3 rats
252 creatures vanquished.

Vanquished Creatures (collateral kills)
  A hog (D:7)
  3 kobolds (D:7)
  An orc zombie (D:7)
5 creatures vanquished.

Vanquished Creatures (others)
  2 kobolds (D:8)
  7 starspawn tentacles (Abyss:2)
9 creatures vanquished.

Grand Total: 266 creatures vanquished

Notes
Turn   | Place    | Note
-------+----------+-------------------------------------------
     0 | D:1      | vineage the Minotaur Fighter began the quest for the Orb.
     0 | D:1      | Reached XP level 1. HP: 19/19 MP: 0/0
   327 | D:1      | Reached XP level 2. HP: 27/27 MP: 1/1
   654 | D:2      | Reached XP level 3. HP: 32/33 MP: 2/2
   667 | D:2      | Found an opulent altar of Gozag.
  1025 | D:2      | Reached XP level 4. HP: 26/40 MP: 3/3
  1070 | D:2      | Found a shattered altar of Ashenzari.
  1377 | D:3      | Noticed p0werm0de's ghost (amateur DsBe)
  1389 | D:3      | Killed p0werm0de's ghost
  1389 | D:3      | Reached XP level 5. HP: 14/46 MP: 4/4
  1751 | D:3      | Noticed Jessica
  1768 | D:3      | Killed Jessica
  1768 | D:3      | Reached skill level 5 in Axes
  1768 | D:3      | Reached skill level 1 in Dodging
  2132 | D:3      | Reached skill level 5 in Armour
  2132 | D:3      | Reached XP level 6. HP: 34/53 MP: 5/5
  2211 | D:3      | Noticed Sigmund
  2224 | D:3      | Killed Sigmund
  2224 | D:3      | Reached skill level 5 in Shields
  2365 | D:4      | Noticed Ijyb
  2378 | D:4      | Killed Ijyb
  2378 | D:4      | Reached XP level 7. HP: 52/60 MP: 6/6
  2408 | D:4      | Reached skill level 5 in Fighting
  2975 | D:4      | Found an ancient bone altar of Kikubaaqudgha.
  3346 | D:5      | Entered Level 5 of the Dungeon
  3455 | D:5      | Found Kogiklumao's Magic Scroll Boutique.
  3476 | D:5      | Bought a scroll of identify for 24 gold pieces
  3476 | D:5      | Bought a scroll of identify for 24 gold pieces
  3476 | D:5      | Bought a scroll of identify for 24 gold pieces
  3476 | D:5      | Bought a scroll of identify for 24 gold pieces
  3480 | D:5      | Found a burning altar of Makhleb.
  3480 | D:5      | Found a hide-covered altar of Uskayaw.
  3570 | D:5      | Reached XP level 8. HP: 65/69 MP: 7/7
  4121 | D:6      | Found a staircase to the Ecumenical Temple.
  4134 | Temple   | Entered the Ecumenical Temple
  4408 | D:6      | Found a stormy altar of Qazlal.
  5141 | D:6      | Found a bloodstained altar of Trog.
  5529 | D:7      | Noticed Duvessa
  5530 | D:7      | Noticed Dowan
  5534 | D:7      | Killed Duvessa
  5534 | D:7      | Reached skill level 1 in Long Blades
  5536 | D:7      | Killed Dowan
  5569 | D:7      | Reached skill level 2 in Long Blades
  5703 | D:7      | Reached skill level 3 in Long Blades
  5828 | D:7      | Reached XP level 9. HP: 61/78 MP: 8/8
  5831 | D:7      | Reached skill level 4 in Long Blades
  6042 | D:7      | Reached skill level 5 in Long Blades
  6050 | D:7      | Reached skill level 6 in Long Blades
  6450 | D:7      | Found a basalt altar of Yredelemnul.
  6482 | D:7      | Noticed a two-headed ogre
  6493 | D:7      | Killed a two-headed ogre
  6493 | D:7      | Reached skill level 8 in Long Blades
  6726 | D:7      | Found a runed door.
  6958 | D:7      | Noticed Crazy Yiuf
  6961 | D:7      | Killed Crazy Yiuf
  7068 | D:8      | Noticed Pikel
  7074 | D:8      | Killed Pikel
  7074 | D:8      | Reached XP level 10. HP: 90/90 MP: 9/9
  7277 | D:8      | Found an iron altar of Okawaru.
  7283 | D:8      | Became a worshipper of Warmaster Okawaru
  7403 | D:8      | Noticed Maurice
  7424 | D:8      | Killed Maurice
  7424 | D:8      | Reached skill level 9 in Long Blades
  7585 | D:8      | Noticed a two-headed ogre
  7592 | D:8      | Killed a two-headed ogre
  7599 | D:8      | Found a hazy altar of Hepliaklqana.
  7602 | D:8      | Reached * piety under Okawaru
  7675 | D:8      | Found a basalt altar of Yredelemnul.
  8105 | D:9      | Reached skill level 10 in Long Blades
  8141 | D:9      | Found a staircase to the Orcish Mines.
  8294 | D:9      | Noticed a two-headed ogre
  8301 | D:9      | Killed a two-headed ogre
  8301 | D:9      | Reached ** piety under Okawaru
  8301 | D:9      | Reached skill level 11 in Long Blades
  8435 | D:10     | Entered Level 10 of the Dungeon
  8490 | D:10     | Noticed Erolcha
  8491 | D:10     | Cast into level 2 of the Abyss (Erolcha)
  8511 | Abyss:2  | Noticed a smoke demon
  8518 | Abyss:2  | Noticed a smoke demon
  8519 | Abyss:2  | Killed a smoke demon
  8519 | Abyss:2  | Reached skill level 1 in Stealth
  8519 | Abyss:2  | Reached XP level 11. HP: 65/97 MP: 10/10
  8522 | Abyss:2  | Reached *** piety under Okawaru
  8567 | Abyss:2  | Noticed a hell hog
  8567 | Abyss:2  | Noticed a hell hog
  8578 | Abyss:2  | Killed a hell hog
  8579 | Abyss:2  | Noticed a hell hog
  8586 | Abyss:2  | Killed a hell hog
  8586 | Abyss:2  | Reached skill level 12 in Long Blades
  8659 | Abyss:2  | Noticed a rakshasa
  8673 | Abyss:2  | Killed a rakshasa
  8673 | Abyss:2  | Reached **** piety under Okawaru
  8774 | Abyss:2  | Noticed a spatial maelstrom
  8935 | Abyss:2  | Noticed a rakshasa
  8943 | Abyss:2  | Noticed a thrashing horror
  8948 | Abyss:2  | Killed a rakshasa
  8951 | Abyss:2  | Noticed a tentacled starspawn
  8954 | Abyss:2  | Killed a thrashing horror
  8956 | Abyss:2  | Noticed a thrashing horror
  8970 | Abyss:2  | Killed a tentacled starspawn
  8970 | Abyss:2  | Reached ***** piety under Okawaru
  8970 | Abyss:2  | Reached skill level 10 in Fighting
  8970 | Abyss:2  | Reached skill level 13 in Long Blades
  8970 | Abyss:2  | Reached skill level 5 in Dodging
  8971 | Abyss:2  | Killed a thrashing horror
  9143 | Abyss:2  | Found a corrupted altar of Lugonu.
  9231 | Abyss:2  | Noticed a large abomination
  9239 | Abyss:2  | Killed a large abomination
  9244 | Abyss:2  | Received a gift from Okawaru
  9244 | Abyss:2  | Reached skill level 1 in Invocations
  9254 | Abyss:2  | Reached XP level 12. HP: 19/107 MP: 8/11
  9256 | Abyss:2  | HP: 4/107 [raiju/living lightning (15)]
  9273 | Abyss:2  | HP: 5/107 [small abomination (4)]
  9275 | Abyss:2  | Slain by a hellwing

Skill      XL: |  1  2  3  4  5  6  7  8  9 10 11 |
---------------+----------------------------------+-----
Shields        | 4 5 7 8 9 |  9.5
Armour         | 4 5 6 7 8 9 |  9.3
Axes           | 3 4 5 6 7 8 |  8.9
Fighting       | 4 5 6 8 9 10 | 10.5
Dodging        | 1 2 3 4 5 |  5.4
Long Blades    | 3 8 11 13 | 13.4
Stealth        | 1 |  1.1
Invocations    | 1 |  1.0

Action                   |  1- 3 |  4- 6 |  7- 9 | 10-12 || total
-------------------------+-------+-------+-------+-------++-------
Melee: War axe           |    90 |    84 |   190 |       ||   364
       Headbutt          |     9 |    13 |    56 |    42 ||   120
       Double sword      |       |       |   131 |   163 ||   294
Invok: Heroism           |       |       |       |     3 ||     3
  Use: Potion            |       |     2 |     2 |     6 ||    10
       Scroll            |       |     2 |    14 |     8 ||    24
  Eat: Chunk             |       |     4 |    11 |     3 ||    18
       Fruit             |       |       |     4 |     2 ||     6
       Royal jelly       |       |       |       |     2 ||     2
Armor: Scale mail        |    32 |    25 |    99 |    34 ||   190
Dodge: Dodged            |    20 |    21 |   118 |   101 ||   260
Block: Shield            |    50 |    32 |   163 |   107 ||   352
       Rpst.: Double sword |       |       |    22 |    26 ||    48
